 Dungeon Crawl Stone Soup version 0.29-a0-222-g5b244fca1f (webtiles) character file.

Game seed: 7426135123433808822

327 Anon1729 the Slasher (level 6, 0/84 HPs)
             Began as a Minotaur Monk on Feb 27, 2022.
             Slain by a gnoll
             ... wielding a +0 flail
              (6 damage)
             ... on level 4 of the Dungeon.
             The game lasted 00:02:21 (3915 turns).

Anon1729 the Slasher (Minotaur Monk)                Turns: 3915, Time: 00:02:22

Health: 0/84       AC: 23    Str: 15    XL:     6   Next: 24%
Magic:  5/5        EV:  2    Int:  7    God:
Gold:   195        SH:  0    Dex: 15    Spells: 5/5 levels left

rFire   + . .      SeeInvis .   a - +0 falchion
rCold   . . .      Faith    .   (no shield)
rNeg    . . .      Spirit   .   (body armour currently unavailable)
rPois   +          Reflect  .   (helmet currently unavailable)
rElec   .          Harm     .   (cloak currently unavailable)
rCorr   .          Rampage  .   (gloves currently unavailable)
Will    .....      NoTele   +   (boots currently unavailable)
Stlth   ++........              (no amulet)
HPRegen 0.24/turn               h - ring of protection from fire
MPRegen 0.09/turn               (no ring)

@: tree-form
A: stationary, stasis, torment immunity, boosted hp, (horns 2), (retaliatory
headbutt)
a: no special abilities


You were on level 4 of the Dungeon.
You were a tree.
You visited 1 branch of the dungeon, and saw 4 of its levels.

You collected 195 gold pieces.

Inventory:

Hand Weapons
 a - a +0 falchion (weapon)
Armour
 b - a +0 robe
 m - a +1 scale mail of cold resistance (melded)
 p - a +0 cloak (melded)
Jewellery
 h - a ring of protection from fire (left branch)
Scrolls
 c - a scroll of teleportation {unknown}
 d - a scroll of enchant armour {unknown}
 e - a scroll of torment {unknown}
 f - a scroll of blinking {unknown}
 g - 2 scrolls of amnesia {unknown}
 j - a scroll of magic mapping {unknown}
 l - 2 scrolls of identify {unknown}
 n - a scroll of acquirement {unknown}
 q - 3 scrolls of fear {unknown}
 r - a scroll of vulnerability {unknown}
 s - a scroll of enchant weapon {unknown}
Potions
 i - a potion of curing {unknown}
 k - 2 potions of lignification
 o - a potion of cancellation {unknown}


   Skills:
 + Level 5.2 Fighting
 + Level 5.3 Long Blades
 + Level 4.7 Dodging
 + Level 3.2 Stealth


You had 5 spell levels left.
You didn't know any spells.
Your spell library contained the following spells:

 Spells                   Type           Power      Damage    Failure   Level
 Summon Small Mammal      Summ           0%         N/A       43%         1
 Call Canine Familiar     Summ           0%         N/A       80%         3
 Summon Guardian Golem    Hex/Summ       0%         N/A       80%         3
 Blade Hands              Tmut           0%         N/A       100%        5
 Irradiate                Conj/Tmut      0%         3d13      100%        5
 Dragon Form              Tmut           0%         N/A       100%        7


Dungeon Overview and Level Annotations

Branches:
Dungeon (4/15)
 Temple: D:4-7

Altars:


Innate Abilities, Weirdness & Mutations

You are a tree.
Your roots penetrate the ground, keeping you stationary.
You cannot be teleported.
You are immune to unholy pain and torment.
Your maximum health is greatly increased.
Your equipment is partially melded.
((You have a pair of horns on your head.))
((You reflexively headbutt those who attack you in melee.))


Message History

You closely miss the gnoll.
The gnoll is almost dead.
The gnoll misses you. The gnoll hits you with a +0 flail.
The gnoll shaman hits you but does no damage.
You closely miss the gnoll.
The gnoll is almost dead.
The gnoll hits you with a +0 halberd! The gnoll barely misses you.
The gnoll shaman hits you with a +0 club.
You are too injured to fight recklessly!
You are too injured to fight recklessly!
You are too injured to fight recklessly!
You are too injured to fight recklessly!
The gnoll barely misses you.
The gnoll shaman calls upon its god to speed up the gnoll.
The gnoll seems to speed up.
The gnoll hits you from afar with a +0 halberd!
* * * LOW HITPOINT WARNING * * *
There is an open door here.
You see here a throwing net.
You closely miss the gnoll. Your headbutt misses the gnoll.
The gnoll is almost dead.
The gnoll hits you with a +0 flail.
* * * LOW HITPOINT WARNING * * *
You slash the gnoll!
You kill the gnoll!
You slash the gnoll shaman!
The gnoll shaman is moderately wounded.
The gnoll shaman hits you with a +0 club!
* * * LOW HITPOINT WARNING * * *
You hit the gnoll shaman.
The gnoll shaman is heavily wounded.
The gnoll shaman hits you but does no damage.
The gnoll shaman calls upon its god to heal the gnoll.
The gnoll is healed somewhat.
It was a potion of lignification.
You turn into a tree.
Your +0 cloak melds into your body.
Your +1 scale mail of cold resistance melds into your body.
You feel less resistant to cold.
Your roots penetrate the ground.
The gnoll hits you with a +0 flail.
You die...

#......... ###(#####.
#.#)# #######.#.#
........#.####
#######.#g...#
##+#######
.........g##.#
#........#
#######.#g##.#
#........# #####'#♣##.#
#........#
#.......##+###........##
#.......................
#...............####....
#...............# #....
##....#.........# #....
#.####+##+####.# ##....
#.#.........##.# #.....
#.#.......†.##.###.....


You could see a gnoll shaman and 2 gnolls.

Vanquished Creatures
  A scorpion (D:4)
  An orc priest (D:3)
  Crazy Yiuf (D:2)
  An iguana (D:4)
  Terence (D:3)
  6 gnolls
  An adder (D:4)
  2 worms
  7 orcs
  5 ball pythons
  2 bats
  9 endoplasms
  4 giant cockroaches
  6 goblins
  4 hobgoblins
  7 jackals
  4 quokkas
  3 frilled lizards
  8 kobolds
  2 rats
75 creatures vanquished.

Vanquished Creatures (others)
  A fungus (D:2)
1 creature vanquished.

Grand Total: 76 creatures vanquished

Notes
Turn   | Place    | Note
-------+----------+-------------------------------------------
     0 | D:1      | Anon1729 the Minotaur Monk began the quest for the Orb.
     0 | D:1      | Reached XP level 1. HP: 19/19 MP: 0/0
    89 | D:1      | Found a faded altar of an unknown god.
   467 | D:1      | Reached XP level 2. HP: 24/27 MP: 1/1
  1179 | D:2      | Reached XP level 3. HP: 31/33 MP: 2/2
  1778 | D:2      | Found a runed translucent door.
  1779 | D:2      | Noticed Crazy Yiuf
  1786 | D:2      | Killed Crazy Yiuf
  1787 | D:2      | Reached XP level 4. HP: 22/41 MP: 3/3
  2052 | D:3      | Noticed Terence
  2063 | D:3      | Killed Terence
  2795 | D:3      | Reached XP level 5. HP: 47/47 MP: 4/4
  3041 | D:3      | Reached skill level 5 in Long Blades
  3574 | D:4      | Reached skill level 5 in Fighting
  3689 | D:4      | Reached XP level 6. HP: 49/56 MP: 5/5
  3908 | D:4      | HP: 2/56 [gnoll shaman/+0 club (8)]
  3915 | D:4      | Slain by a gnoll

Illustrated notes

Levels and vault maps discovered:
D:1:      scummos_arrival_star, layout_basic, hellmonk_ecumenical_altar_run_dry,
          fountainhead
D:2:      layout_basic, uniq_crazy_yiuf_cottage
D:3:      layout_loops_ring, minmay_between, uniq_terence
D:4:      layout_basic, minmay_temple_entry_hall, kennysheep_minor_cross,
          uniq_ijyb

Skill      XL: |  1  2  3  4  5 |
---------------+----------------+-----
Long Blades    | 4 5 |  5.3
Stealth        | 2 3 |  3.2
Fighting       | 4 5 |  5.2
Dodging        | 4 |  4.7

Action                   |  1- 3 |  4- 6 || total
-------------------------+-------+-------++-------
Melee: Falchion          |    86 |   109 ||   195
       Headbutt          |     9 |    20 ||    29
       Punch             |       |     2 ||     2
  Use: Potion            |       |     1 ||     1
 Stab: Sleeping          |     3 |       ||     3
Armor: Robe              |     5 |       ||     5
       Scale mail        |     8 |    33 ||    41
Dodge: Dodged            |    44 |    64 ||   108

Table legend: (Time is in decaauts)
 A = Elapsed time spent in this place.
 B = Non-inter-level travel time spent in this place.
 C = Inter-level travel time spent in this place.
 D = Time resting spent in this place.
 E = Time spent auto-exploring this place.
 F = Levels seen in this place.
 G = Mean time per level.
                   A        B        C        D        E       F      G
               +--------+--------+--------+--------+--------+-----+--------+
         Total |   3930 |   3856 |     74 |    262 |   3087 |   4 |  982.5 |
       Dungeon |   3930 |   3856 |     74 |    262 |   3087 |   4 |  982.5 |
               +--------+--------+--------+--------+--------+-----+--------+

Top non-repeatable levels by time:
     D:2: 1195 daAuts
     D:3: 1164 daAuts
     D:1: 1062 daAuts
     D:4: 508 daAuts
